 Dungeon Crawl Stone Soup version 0.16.1-51-g6203257 (webtiles) character file.

280 hexophile the Caller (level 6, -5/32 HPs)
             Began as a Deep Elf Summoner on July 1, 2015.
             Slain by a mummy (14 damage)
             ... on level 4 of the Dungeon on July 4, 2015.
             The game lasted 00:24:46 (3894 turns).

hexophile the Caller (Deep Elf Summoner)            Turns: 3894, Time: 00:24:46

Health: -5/32      AC:  7    Str:  5      XL:     6   Next: 5%
Magic:  21/21      EV: 12    Int: 22      God:
Gold:   183        SH:  0    Dex:  8 (17) Spells: 3 memorised, 9 levels left

rFire  . . .     SeeInvis .     o - +2 flail (protect)
rCold  . . .     Clarity  .     a - +0 robe
rNeg   . . .     SustAb   .     (no shield)
rPois  .         Gourm    +     (no helmet)
rElec  .         Spirit   .     (no cloak)
rCorr  .         Warding  .     (no gloves)
rMut   .         Stasis   .     (no boots)
MR     .....                    n - amulet of the gourmand
Stlth  ++........               (no ring)
                                l - +2 ring of dexterity

@: not resistant to hostile enchantments, unstealthy
A: no striking features
a: no special abilities


You were on level 4 of the Dungeon.
You were very hungry.

You visited 1 branch of the dungeon, and saw 4 of its levels.

You collected 183 gold pieces.

Inventory:

Hand weapons
 o - a +2 flail of protection (weapon)
 q - a +2 short sword of electrocution
Missiles
 h - 33 stones (quivered)
Armour
 a - a +0 robe (worn)
 y - a cursed +0 robe
Jewellery
 l - a +2 ring of dexterity (left hand)
 n - an amulet of the gourmand (around neck)
 r - an uncursed amulet of stasis
Magical devices
 p - a wand of flame (48)
Scrolls
 e - a scroll of identify
 k - 2 scrolls of teleportation
 x - a scroll of recharging
Potions
 d - a potion of magic {unknown}
 f - a potion of restore abilities {unknown}
 s - a potion of poison {unknown}
 u - a potion of curing {unknown}
 v - a potion of lignification {unknown}
 z - 2 potions of haste {unknown}
Books
 b - a book of Callings

   Spells                             Type                      Level
   a - Summon Small Mammal            Summoning                    1
   b - Call Imp                       Summoning                    2
   c - Call Canine Familiar           Summoning                    3
   d - Summon Guardian Golem          Hexes/Summoning              4
   e - Summon Lightning Spire         Summoning/Air                4
   f - Summon Ice Beast               Ice/Summoning                4
 w - a book of Death

   Spells                             Type                      Level
   a - Corpse Rot                     Necromancy                   2
   b - Sublimation of Blood           Necromancy                   2
   c - Agony                          Necromancy                   5
   d - Dispel Undead                  Necromancy                   5
   e - Excruciating Wounds            Charms/Necromancy            5
   f - Bolt of Draining               Conjuration/Necromancy       5
Comestibles
 c - 4 bread rations
 g - 2 meat rations
 i - a royal jelly
 j - 5 fruits
 m - 2 slices of pizza
 t - a beef jerky
 A - a chunk of flesh


   Skills:
 + Level 3.9 Dodging
 - Level 2.4 Stealth
 * Level 5.6 Spellcasting
 * Level 6.0 Summonings
 + Level 1.4 Ice Magic


You had 9 spell levels left.
You knew the following spells:

 Your Spells              Type           Power        Failure   Level  Hunger
a - Summon Small Mammal   Summ           ####         1%          1    None
b - Call Imp              Summ           ####....     1%          2    None
c - Summon Ice Beast      Ice/Summ       ###.....     21%         4    ####...


Dungeon Overview and Level Annotations

Branches:
Dungeon (4/15)
 Temple: D:4-7

Altars:
Ashenzari

Portals:
Ossuary: D:4

Annotations:
D:2 exclusion: downstairs


Message History

You are feeling very hungry.
Your crimson imp completely misses the phantom.
Your crimson imp blinks!
The phantom blinks!
You swap places.
Your ice beast disappears in a puff of smoke!
Your crimson imp hits the phantom.
The phantom barely misses your crimson imp.
You hear the quick hiss of an avalanche of sand.
Found a stone staircase leading down.
You open the door.
A mummy comes into view.
The mummy moves out of view.
Found a sand-covered staircase.
There is an open door here.
You hit the mummy but do no damage.
Unknown command.
The mummy closely misses you.
You found an arrow trap!
The mummy hits you!
You die...

.###..### # #.# #.#
..##....# ... ..# #.#
...#..[(## #.. ..# #W#
...#.....# ##.# ##.# #5#
...##....# #..# ..#.## #.#
..# #....# ..###....# #5#
.# ###[.# #.#.##...# #.#
########.# #.#.^##..# #.#
......).)# ##.'M@∩##.# #.#
.........###.5#..##..###.#
.........#....#.##.5...5.#
#####'######>5###..#######
# #...# ##.##..## #
#.....# #5#..## ##).....?#
#...## .#.......# #####
.#$.....)#


You could see a mummy and a friendly crimson imp.

Vanquished Creatures
  A gnoll (D:3)
  An adder (D:3)
  2 giant geckos (D:2)
  An orc (D:3)
  2 giant cockroaches
  2 hobgoblins (D:2)
  5 kobolds
  A quokka (D:2)
  6 bats
  2 giant newts
  3 goblins
  7 rats
33 creatures vanquished.

Vanquished Creatures (collateral kills)
  An orc warrior (D:4)
  An ogre (D:4)
  A jelly (D:3)
  A quasit (D:3)
  2 worker ants (D:4)
  Terence (D:3)
  3 adders
  6 gnolls
  A worm (D:3)
  A giant gecko (D:1)
  An ooze (D:3)
  2 orcs (D:4)
  5 hobgoblins
  A ball python (D:3)
  13 bats
  A giant gecko skeleton (D:4)
  4 giant newts
  6 goblins
  6 kobolds
  A quokka skeleton (D:4)
  7 rats
65 creatures vanquished.

Vanquished Creatures (others)
  2 ice beasts (D:4)
  2 crimson imps
  2 iron imps
  A white imp (D:4)
  4 quokkas
  2 bats (D:2)
13 creatures vanquished.

Grand Total: 111 creatures vanquished

Notes
Turn   | Place    | Note
--------------------------------------------------------------
     0 | D:1      | hexophile, the Deep Elf Summoner, began the quest for the Orb.
     0 | D:1      | Reached XP level 1. HP: 10/10 MP: 5/5
   637 | D:1      | Reached XP level 2. HP: 10/15 MP: 3/8
   642 | D:1      | Learned a level 2 spell: Call Imp
   787 | D:1      | Upgraded the game from 0.16.1-30-g34a7ffa to 0.16.1-51-g6203257
  1225 | D:2      | Reached XP level 3. HP: 19/19 MP: 5/11
  1566 | D:2      | Reached skill level 5 in Summonings
  1970 | D:2      | Reached XP level 4. HP: 18/24 MP: 7/15
  2306 | D:3      | Learned a level 4 spell: Summon Ice Beast
  3154 | D:3      | Noticed Terence
  3155 | D:3      | Reached XP level 5. HP: 24/28 MP: 13/18
  3157 | D:3      | Killed Terence
  3473 | D:4      | Noticed an orc warrior
  3500 | D:4      | Killed an orc warrior
  3500 | D:4      | Reached skill level 5 in Spellcasting
  3500 | D:4      | Reached skill level 1 in Ice Magic
  3546 | D:4      | Noticed an ogre
  3562 | D:4      | Killed an ogre
  3562 | D:4      | Reached skill level 6 in Summonings
  3651 | D:4      | Reached XP level 6. HP: 26/32 MP: 15/21
  3666 | D:4      | Noticed a phantom
  3751 | D:4      | Found a shattered altar of Ashenzari.
  3840 | D:4      | Noticed a phantom
  3890 | D:4      | Found a sand-covered staircase.
  3894 | D:4      | Slain by a mummy

Action                   |  1- 3 |  4- 6 || total
-------------------------+-------+-------++-------
Melee: Dagger            |    21 |       ||    21
       Unarmed           |     2 |       ||     2
       Flail             |    43 |    84 ||   127
 Cast: Summon Small Mamm |    44 |     6 ||    50
       Call Imp          |    10 |    27 ||    37
       Summon Ice Beast  |       |     7 ||     7
  Use: Scroll            |     3 |     4 ||     7
 Stab: Sleeping          |     3 |     1 ||     4
       Distracted        |       |     2 ||     2
  Eat: Chunk             |    12 |     7 ||    19
